 Dungeon Crawl Stone Soup version bcrawl-1.13.4 (webtiles) character file.

Game seed: 10530957716488629079

44 Dracia the Poker (level 3, 0/29 HPs)
             Began as a Merfolk Skald on Aug 15, 2019.
             Slain by a jackal (3 damage)
             ... on level 1 of the Dungeon.
             The game lasted 00:05:29 (1875 turns).

Dracia the Poker (Merfolk Skald)                    Turns: 1875, Time: 00:05:29

Health: 0/29       AC:  3    Str:  9 (11) XL:     3   Next: 62%
Magic:  6/6        EV: 12    Int: 10 (13) God:
Gold:   158        SH:  0    Dex: 11 (13) Spells: 3/6 levels left

rFire    . . .     SeeInvis .   a - +0 spear
rCold    . . .     Gourm    .   (no shield)
rNeg     . . .     Faith    .   b - +0 leather armour
rPois    .         Spirit   .   (no helmet)
rElec    .         Reflect  .   (no cloak)
rCorr    .         Harm     .   (no gloves)
MR       .....                  (no boots)
Stlth    +.........             (no amulet)
HPRegen  0.09/turn              (no ring)
MPRegen  0.10/turn              (no ring)

@: no status effects
A: change form in water, swift swim, stealthy swim
a: no special abilities


You were on level 1 of the Dungeon.
You were not hungry.

You visited 1 branch of the dungeon, and saw 2 of its levels.

You collected 158 gold pieces.


   Skills:
 + Level 3.0 Fighting
 + Level 4.1 Polearms
 - Level 0.6 Armour
 - Level 2.6 Dodging
 - Level 2.0 Spellcasting
 + Level 3.9 Charms


You had 3 spell levels left.
You knew the following spells:

 Your Spells              Type           Power        Failure   Level  Hunger
a - Infusion              Chrm           #.......     9%          1    ##.....
b - Song of Slaying       Chrm           #.......     13%         2    ###....

Your spell library contained the following spells:

 Spells                   Type           Power        Failure   Level  Hunger
 Ozocubu's Armour         Chrm/Ice       #.......     50%         3    ####...
 Regeneration             Chrm/Necr      #.........   50%         3    ####...
 Spectral Weapon          Hex/Chrm       #.......     50%         3    ####...

Inventory:

Hand Weapons
 a - a +0 spear (weapon)
Armour
 b - a +0 leather armour (worn)
Scrolls
 e - a scroll of identify
 h - 3 scrolls of fog
Potions
 c - 2 potions of curing {unknown}
Comestibles
 f - 4 rations {!d}

Dungeon Overview and Level Annotations

Branches:
Dungeon (2/12)

Altars:

###.###.#.# # #.#
#.#.# # #.###.#.#
# #..)).#.# #
####....# #
#...#..#
###'#.#..########
♣#.#.#....##....h#
.....#...>......m#
.)♣..#....##..[..#
.♣♣#≈#....#####.##
.♣P#≈#h...# #.#
..<#≈#....# #.#
.♣P#≈#....# #.#
.♣♣#≈#....#####.#
..♣..#.###......#
.....#...#.######


You could see a jackal.


Message History

The jackal is severely wounded.
The jackal bites you.
* * * LOW HITPOINT WARNING * * *
The jackal closely misses you.
Unknown command.
You hit the jackal.
The jackal is almost dead.
The jackal bites you.
* * * LOW HITPOINT WARNING * * *
The jackal bites you but does no damage.
The orc barely misses you.
The jackal bites you but does no damage.
As you read the scroll of fear, it crumbles to dust.
You assume a fearsome visage.
The jackal looks frightened! x2
The orc looks frightened!
Your magical infusion is running out.
You are too injured to fight recklessly!
Cornered, the jackal turns to fight!
The jackal barely misses you.
You are no longer magically infusing your attacks.
The jackal barely misses you.
You hit the jackal but do no damage.
The jackal is heavily wounded.
The jackal closely misses you.
You closely miss the jackal.
The jackal is heavily wounded.
The jackal misses you. x2
You hit the jackal but do no damage.
The jackal is heavily wounded.
The jackal bites you.
You die...

Action                   || total
-------------------------++-------
Melee: Spear             ||   168
 Cast: Infusion          ||     4
  Use: Scroll            ||     4
       Potion            ||     1
 Stab: Sleeping          ||     2
  Eat: Chunk             ||     3
Armor: Leather armour    ||    31
Dodge: Dodged            ||   101

Levels and vault maps discovered:
D:1:      tarquinn_simple_flora_water_b, layout_basic
D:2:      layout_loops_cross, first_ration, nicolae_dithmenos_shadow_blocks

Notes
Turn   | Place    | Note
-------+----------+-------------------------------------------
     0 | D:1      | Dracia the Merfolk Skald began the quest for the Orb.
     0 | D:1      | Reached XP level 1. HP: 16/16 MP: 3/3
    82 | D:1      | HP: 1/17 [dart slug (1)]
    83 | D:1      | Reached XP level 2. HP: 2/23 MP: 5/5
   381 | D:1      | Learned a level 2 spell: Song of Slaying
   963 | D:1      | Reached XP level 3. HP: 27/28 MP: 6/6
  1342 | D:2      | Reached skill level 4 in Polearms
  1381 | D:2      | Reached skill level 3 in Fighting
  1864 | D:1      | HP: 2/29 [jackal (2)]
  1875 | D:1      | Slain by a jackal

Vanquished Creatures
  2 worms
  A dart slug (D:1)
  3 leopard geckos
  3 bats
  2 giant cockroaches (D:1)
  5 goblins
  5 hobgoblins
  4 frilled lizards
  3 kobolds (D:1)
  5 rats
33 creatures vanquished.
